AoeStats
← Titoxhn

Black Forest

510242781Analyzed
4v4 RM · 2d ago on Sep 30, 2026· 85m 9s· 8 players
Game mode
Random Map
Map size
Large (8 player)
Population
200
Speed
Normal
Resources
Standard
Victory
Conquest
Starting age
Dark Age
Ending age
Imperial Age
RankedLock teamsTeams togetherTeam positionsShared explorationLock speedFull tech treeHidden civsTurbo modeCheats
Victory
Defeat
🇻🇳 Malay · Vietnam
1236
+11
🇹🇼 Danes · Taiwan
1195
+12
🇮🇳 Saxons · India
1182
+13
🇮🇳 Britons · India
1170
+13
🇲🇽 Danes · Mexico
1180
-16
🇲🇽 Vietnamese · Mexico
1108
-12
🇲🇽 Cumans · Mexico
1083
-11
🇲🇽 Persians · Mexico
1061
-10
夕陽傳說
3:01 Loom
13:23 Feudal Age
17:53 Castle Age
16:40 Double-Bit Axe
16:36 Horse Collar
17:31 Gold Mining
17:37 Stone Mining
18:44 Bow Saw
18:35 Heavy Plow
29:04 Wheelbarrow
30:18 Gold Shaft Mining
30:26 Hand Cart
31:27 Scale Mail Armor
31:16 Gambesons
31:33 Squires
32:00 Caravan
31:49 Arson
33:17 Chain Mail Armor
33:13 Forging
34:03 Town Watch
34:31 Pikeman
35:34 Bloodlines
35:25 Husbandry
38:19 Imperial Age
35:49 Town Patrol
35:42 Light Cavalry
36:48 Hamask
38:55 Thumb Ring
39:34 Plate Mail Armor
39:40 Iron Casting
38:33 Halberdier
38:34 Elite Varangian Guard
39:40 Ballistics
38:49 Cranequins
39:56 Conscription
39:32 Fletching
39:43 Padded Archer Armor
40:13 Heavy Mounted Crossbowman
43:07 Blast Furnace
42:03 Bodkin Arrow
43:10 Chemistry
44:12 Leather Archer Armor
44:58 Bracer
47:02 Ring Archer Armor
46:38 Onager
48:54 Siege Onager
51:55 Blast Furnace
51:03 Scale Barding Armor
53:43 Chain Barding Armor
56:29 Plate Barding Armor
60:24 Heavy Scorpion
65:32 Siege Engineers
65:23 Murder Holes
65:38 Masonry
74:26 Capped Ram
81:27 Coinage
恨海情天
0:28 Loom
10:36 Feudal Age
11:37 Double-Bit Axe
16:46 Castle Age
16:58 Stone Mining
18:50 Bow Saw
19:27 Gold Mining
21:01 Wheelbarrow
21:46 Fletching
21:57 Padded Archer Armor
24:07 Ballistics
25:05 Hand Cart
25:19 Town Watch
26:38 Fishing Lines
28:03 Yeomen
34:07 Imperial Age
32:52 Bodkin Arrow
34:50 Forging
34:40 Scale Mail Armor
36:24 Chemistry
35:01 Pikeman
38:28 Conscription
38:25 Elite Longbowman
40:50 Bracer
41:05 Leather Archer Armor
43:35 Two-Man Saw
43:46 Iron Casting
43:17 Scale Barding Armor
43:00 Light Cavalry
43:41 Husbandry
44:26 Ring Archer Armor
43:43 Horse Collar
44:00 Crossbowman
47:30 Arbalester
48:55 Chain Barding Armor
49:43 Heavy Plow
54:49 Chain Mail Armor
55:34 Blast Furnace
55:13 Plate Barding Armor
54:45 Man-at-Arms
55:11 Gambesons
55:26 Squires
55:13 Arson
55:54 Long Swordsman
58:03 Plate Mail Armor
56:57 Two-Handed Swordsman
58:19 Champion
61:12 Halberdier
62:20 Conscription
64:06 Caravan
73:36 Warwolf
WooftyDoosh
1:37 Loom
11:21 Feudal Age
17:00 Castle Age
17:36 Double-Bit Axe
18:32 Fletching
19:49 Fishing Lines
23:44 Horse Collar
24:21 Gillnets
28:57 Imperial Age
27:08 Bow Saw
28:57 Conscription
29:03 Masonry
29:54 Chemistry
30:11 Gold Mining
30:29 Scale Barding Armor
30:35 Forging
33:20 Wheelbarrow
33:30 Iron Casting
32:59 Husbandry
33:26 Treadmill Crane
34:05 Elite Battle Elephant
39:12 Hand Cart
42:18 Blast Furnace
45:27 Heavy Plow
47:55 Gold Shaft Mining
47:11 Stone Mining
47:19 Town Watch
47:39 Caravan
48:12 Coinage
49:16 Siege Engineers
49:37 Guilds
51:28 Forced Levy
50:51 Elite Karambit Warrior
52:13 Bodkin Arrow
54:22 Ballistics
56:32 Murder Holes
59:29 Elite Skirmisher
60:59 Pikeman
61:39 Squires
63:47 Padded Archer Armor
64:47 Crop Rotation
68:13 Light Cavalry
ravish.ratnam
0:28 Loom
12:04 Feudal Age
13:18 Man-at-Arms
17:38 Fletching
27:07 Castle Age
31:58 Double-Bit Axe
40:49 Ballistics
49:21 Bow Saw
61:02 Imperial Age
61:26 Wheelbarrow
61:03 Caravan
62:05 Heavy Scorpion
65:42 Hand Cart
67:53 Chemistry
66:59 Siege Engineers
67:05 Masonry
69:24 Pikeman
70:07 Squires
69:52 Gambesons
70:55 Capped Ram
73:53 Elite Varangian Guard
74:20 Arson
74:50 Scale Mail Armor
75:02 Forging
77:16 Chain Mail Armor
77:38 Iron Casting
78:18 Siege Ram
80:16 Plate Mail Armor
XGTIROMlllX
0:27 Loom
14:05 Feudal Age
18:10 Castle Age
16:07 Double-Bit Axe
16:49 Horse Collar
23:13 Bow Saw
24:13 Wheelbarrow
24:48 Gold Mining
25:36 Heavy Plow
27:10 Hand Cart
28:19 Gold Shaft Mining
27:48 Fishing Lines
28:18 Scale Mail Armor
28:24 Scale Barding Armor
29:21 Husbandry
35:12 Imperial Age
33:12 Chain Mail Armor
33:18 Chain Barding Armor
34:21 Caravan
34:49 Cavalier
37:06 Crop Rotation
37:36 Savar
40:58 Pikeman
41:38 Squires
41:24 Arson
42:04 Halberdier
43:29 Heavy Camel Rider
45:09 Plate Mail Armor
45:15 Plate Barding Armor
44:53 Forging
47:46 Conscription
57:51 Light Cavalry
58:41 Bloodlines
62:34 Elite War Elephant
74:07 Citadels
75:12 Town Watch
MaN0s MaGiCaS
0:27 Loom
12:32 Feudal Age
19:22 Castle Age
20:59 Fletching
25:35 Double-Bit Axe
26:54 Horse Collar
30:14 Wheelbarrow
31:03 Bow Saw
31:34 Bodkin Arrow
32:26 Crossbowman
36:42 Imperial Age
34:02 Town Watch
34:58 Padded Archer Armor
35:19 Gold Mining
36:31 Forging
36:49 Ballistics
37:17 Arbalester
38:57 Bracer
47:05 Thumb Ring
51:16 Chemistry
50:24 Heavy Plow
66:10 Caravan
68:52 Two-Man Saw
68:44 Leather Archer Armor
69:17 Crop Rotation
71:33 Coinage
71:14 Guilds
Titoxhn
2:19 Loom
10:42 Feudal Age
12:08 Wheelbarrow
11:24 Double-Bit Axe
11:55 Horse Collar
21:48 Castle Age
22:19 Gold Mining
21:52 Capped Ram
23:42 Hand Cart
27:33 Forging
27:29 Scale Barding Armor
29:11 Iron Casting
28:53 Padded Archer Armor
28:43 Fletching
30:04 Bloodlines
29:46 Elite Skirmisher
30:32 Thumb Ring
33:54 Imperial Age
32:01 Heavy Plow
33:21 Bow Saw
33:38 Ballistics
33:48 Bodkin Arrow
34:09 Leather Archer Armor
34:31 Steppe Husbandry
36:21 Chemistry
35:00 Light Cavalry
36:58 Conscription
36:51 Imperial Skirmisher
39:22 Hussar
41:08 Crop Rotation
41:29 Thumb Ring
43:14 Conscription
42:43 Pikeman
43:23 Squires
43:09 Arson
44:17 Halberdier
49:04 Ring Archer Armor
49:36 Blast Furnace
48:56 Chain Barding Armor
60:05 Plate Barding Armor
61:55 Two-Man Saw
66:36 Onager
70:26 Scale Mail Armor
79:13 Heated Shot
81:28 Siege Ram
Pinoye12
0:31 Loom
12:16 Feudal Age
14:52 Fletching
18:03 Castle Age
16:29 Horse Collar
18:49 Squires
24:34 Double-Bit Axe
25:16 Scale Mail Armor
27:46 Wheelbarrow
27:33 Padded Archer Armor
28:51 Bodkin Arrow
28:58 Gambesons
30:50 Elite Skirmisher
32:14 Heavy Plow
33:41 Leather Archer Armor
33:55 Gold Mining
36:45 Ballistics
36:44 Bow Saw
43:12 Imperial Age
41:45 Chain Mail Armor
43:21 Thumb Ring
43:30 Forging
43:31 Imperial Skirmisher
44:17 Bracer
46:10 Chemistry
46:36 Ring Archer Armor
49:20 Hand Cart
50:15 Stone Mining
53:03 Arson
53:52 Plate Mail Armor
53:58 Elite Varangian Guard
56:08 Iron Casting
58:18 Blast Furnace
56:50 Hamask
58:04 Conscription
57:53 Fishing Lines
59:08 Gold Shaft Mining
59:57 Siege Engineers
60:04 Masonry
59:20 Northmen's Fury
60:07 Onager
62:56 Siege Onager
65:11 Caravan
67:06 Pikeman
68:07 Halberdier
81:00 Heavy Scorpion
83:05 Man-at-Arms
Connection lost

Rejoining the realm…

Still unreachable

The connection could not be restored.

Session expired

The server has moved on; the page needs a fresh start.